 Dungeon Crawl Stone Soup version 0.30-a0-778-g2ef04afb54 (console) character file.

Game seed: 12256450006334625272

2452 rlgrobin the Protected (level 10, -1/88 HPs)
             Began as a Meteoran Fighter on Feb 16, 2023.
             Was a Follower of Makhleb.
             Slain by a gnoll sergeant
             ... wielding a +0 spear
              (5 damage)
             ... on level 9 of the Dungeon.
             The game lasted 00:06:58 (1077 turns).

rlgrobin the Protected (Meteoran Fighter)           Turns: 1077, Time: 00:06:59

Health: -1/88      AC: 15    Str: 19    XL:     10   Next: 6%
Magic:  11/11      EV:  6    Int: 19    God:    Makhleb [*.....]
Gold:   148        SH:  5    Dex: 16    Spells: 9/9 levels left

rFire   + + .      SeeInvis .    a - +7 whip {elec, rF++ Int+2}
rCold   . . .      Faith    .    c - +0 buckler
rNeg    . . .      Spirit   .    v - +0 plate armour
rPois   .          Reflect  .    e - +0 helmet
rElec   .          Harm     .    (no cloak)
rCorr   .          Rampage  .    (no gloves)
Will    +....                    (no boots) Stlth
                                 l - amulet of the acrobat
HPRegen 0.34/turn                t - +6 ring of intelligence
MPRegen 0.12/turn                (no ring)

@: mighty, glowing
A: sense surroundings 2, otherworldly, glowing, explore regen
a: Renounce Religion


You were on level 9 of the Dungeon.
You worshipped Makhleb.
Makhleb was aware of your devotion.
You visited 1 branch of the dungeon, and saw 9 of its levels.

You collected 148 gold pieces.

Inventory:

Hand Weapons
 a - the +7 whip of Dried Tears (weapon) {elec, rF++ Int+2}
   (You found it on level 5 of the Dungeon)

   Int:       It affects your intelligence (+2).
   rF:        It greatly protects you from fire.
 i - a +0 war axe
Missiles
 g - 4 poisoned darts (quivered)
Armour
 c - a +0 buckler (worn)
 e - a +0 helmet (worn)
 v - a +0 plate armour (worn)
Jewellery
 l - an amulet of the acrobat (around neck)
 t - a +6 ring of intelligence (left hand)
Wands
 m - a wand of mindburst (12)
Scrolls
 h - a scroll of immolation {unknown}
 k - a scroll of fear {unknown}
 n - a scroll of torment {unknown}
 p - 3 scrolls of teleportation {unknown}
 q - a scroll of amnesia {unknown}
 r - 2 scrolls of vulnerability {unknown}
 u - 2 scrolls of identify
Potions
 d - a potion of might
 f - a potion of magic
 j - 2 potions of flight
 s - a potion of brilliance


   Skills:
 + Level 7.7 Fighting
 - Level 7.3(8.3) Axes
 - Level 6.4(8.3) Maces & Flails
 + Level 8.4 Armour
 - Level 3.6 Shields
 - Level 4.5 Evocations


You had 9 spell levels left.
You didn't know any spells.
Your spell library contained the following spells:

 Spells                   Type           Power      Damage    Failure   Level
 Sting                    Tmut/Pois      0%         1d3       99%         1
 Poisonous Vapours        Pois/Air       0%         N/A       100%        2
 Olgreb's Toxic Radiance  Pois           0%         N/A       100%        4


Dungeon Overview and Level Annotations

Branches:
Dungeon (9/15) Zot: 4318
 Temple: D:4-7         Lair: D:8-11         Orc: D:9-12

Altars:
Makhleb
Nemelex Xobeh


Innate Abilities, Weirdness & Mutations

You passively map the area around you.
You are easily found by Zot.
You glow in the dark.
You regain HP and MP as you explore.


Message History

You feel very mighty all of a sudden. The gnoll hits you but does no damage.
A yak comes into view.
You barely miss the gnoll.
A nearby plant withers and dies.
The howler monkey hoots and howls with incredible vigour!
You block the gnoll's attack.
The gnoll sergeant hits you but does no damage.
You hear a bellow!
You hear a howl!
You closely miss the gnoll. You block the gnoll's attack. x2
You whack the gnoll! Lightning courses through the gnoll!
You kill the gnoll!
Makhleb accepts your kill.
You feel better.
The gnoll sergeant hits you but does no damage.
A howler monkey comes into view.
The howler monkey howls!
You whack the gnoll!
The gnoll is severely wounded.
The gnoll hits you but does no damage.
The gnoll sergeant hits you but does no damage.
The gnoll hits you with a +0 club.
* * * LOW HITPOINT WARNING * * *
You whack the gnoll!
You kill the gnoll!
Makhleb accepts your kill.
A yak comes into view.
The gnoll sergeant hits you but does no damage.
You hit the gnoll. Lightning courses through the gnoll!!
You kill the gnoll!
Makhleb accepts your kill.
A howler monkey comes into view.
A yak comes into view.
The yak bellows!
You hit the howler monkey.
The howler monkey is moderately wounded.
The gnoll sergeant completely misses you.
You block the howler monkey's attack.
You thrash the yak!!
The yak is heavily wounded.
The gnoll sergeant hits you from afar with a +0 spear.
You die...

* ,,..................., ,, ,
,,...................
,....).........Y...P ~, , ,
,.............YPh...*
,............hP...~♣~ ~ ,
........[.).Y.....~~ *,
..........)......♣~~♣ ,
,..........)hYg....♣~~~
..........)@........P♣..♣...
*
............................
*
...........................#
.........)................##
,...........................#
*
........))..................
*
........)...................
,...##.......................
,#.........†...............


You could see 4 yaks, a gnoll sergeant and 3 howler monkeys.

Vanquished Creatures
  2 two-headed ogres (D:9)
  A hornet (D:9)
  2 water moccasins
  An orc warrior (D:9)
  2 ice beasts
  A centaur (D:7)
  A necrophage (D:5)
  2 howler monkeys (D:8)
  An orc priest (D:9)
  3 hounds (D:5)
  A jelly (D:5)
  A gnoll bouda (D:9)
  3 iguanas
  An orc wizard (D:9)
  8 gnolls (D:9)
  2 adders
  A shadow imp (D:5)
  A white imp (D:8)
  The ghost of jdog22 the Sneak, a weakling SpDe (D:5)
  5 orcs
  2 giant cockroaches
  2 goblins
  3 hobgoblins
  2 jackals (D:1)
  3 kobolds (D:1)
  4 quokkas
  2 ball pythons (D:1)
  3 frilled lizards
61 creatures vanquished.

Vanquished Creatures (others)
  2 plants (D:9)
2 creatures vanquished.

Grand Total: 63 creatures vanquished

Notes
Turn   | Place    | Note
-------+----------+-------------------------------------------
     0 | D:1      | rlgrobin the Meteoran Fighter began the quest for the Orb.
     0 | D:1      | Reached XP level 1. HP: 19/19 MP: 2/2
    30 | D:1      | Reached XP level 2. HP: 26/26 MP: 3/3
   102 | D:1      | Reached XP level 3. HP: 29/31 MP: 4/4
   287 | D:4      | Found a burning altar of Makhleb.
   304 | D:4      | Reached skill level 5 in Axes
   304 | D:4      | Reached XP level 4. HP: 31/38 MP: 5/5
   304 | D:4      | Became a worshipper of Makhleb the Destroyer
   329 | D:5      | Entered Level 5 of the Dungeon
   345 | D:5      | Reached XP level 5. HP: 33/45 MP: 6/6
   376 | D:5      | Found a sparkling altar of Nemelex Xobeh.
   386 | D:5      | Noticed a necrophage
   395 | D:5      | Reached XP level 6. HP: 47/51 MP: 7/7
   406 | D:5      | Identified the +7 whip of Dried Tears {elec, rF++ Int+2}
   433 | D:5      | Noticed an ice beast
   437 | D:5      | Reached skill level 1 in Maces & Flails
   445 | D:5      | Killed an ice beast
   446 | D:5      | Reached XP level 7. HP: 45/57 MP: 8/8
   447 | D:5      | Found a transporter.
   451 | D:5      | Noticed jdog22's ghost (weakling SpDe)
   452 | D:5      | Found a transporter.
   460 | D:5      | Killed jdog22's ghost
   562 | D:5      | Noticed a water moccasin
   571 | D:5      | Killed a water moccasin
   572 | D:5      | Reached skill level 5 in Maces & Flails
   599 | D:6      | Noticed a water moccasin
   605 | D:6      | Killed a water moccasin
   606 | D:6      | Reached XP level 8. HP: 62/63 MP: 9/9
   942 | D:9      | Noticed a two-headed ogre
   958 | D:9      | Killed a two-headed ogre
   959 | D:9      | Reached skill level 5 in Fighting
   959 | D:9      | Reached skill level 6 in Armour
   959 | D:9      | Gained mutation: You passively map the area around you.
                  | [Meteoran growth]
   959 | D:9      | Reached XP level 9. HP: 69/74 MP: 10/10
   963 | D:9      | Reached * piety under Makhleb
   987 | D:9      | Noticed a hornet
   993 | D:9      | Killed a hornet
  1010 | D:9      | Reached skill level 7 in Armour
  1049 | D:9      | Noticed a two-headed ogre
  1066 | D:9      | HP: 2/78 [two-headed ogre/+0 giant spiked club (23)]
  1068 | D:9      | Killed a two-headed ogre
  1069 | D:9      | Reached skill level 8 in Armour
  1069 | D:9      | Reached XP level 10. HP: 3/88 MP: 11/11
  1073 | D:9      | HP: 3/88 [gnoll/+0 club[a gnoll sergeant] (2)]
  1077 | D:9      | Slain by a gnoll sergeant

Illustrated notes

Levels and vault maps discovered:
D:1:      spicycebolla_green_bress_n_ham_2, layout_basic
D:2:      layout_loops_ring
D:3:      layout_loops_corners, lemuel_zombie_altar_yredelemnul, uniq_sigmund,
          uniq_robin, uniq_natasha, uniq_terence
D:4:      wad_lake_hut, layout_basic, elyvilon_altar_4, amcnicky_altar_gilded,
          mainiacjoe_overflow_small_starburst, ebering_dispersal_statue_hall,
          grunt_decor_mini_mirrors, chequers_serial_rivers_micro_c, uniq_ijyb
D:5:      layout_rooms, mainiacjoe_overflow_concentric_impassable,
          gammafunk_ghost_arena
D:6:      layout_basic, temple_fountains
D:7:      layout_cave_pools, mainiacjoe_overflow_swirl
D:8:      layout_basic, lemuel_doored_altar, kennysheep_little_box, uniq_maggie
D:9:      layout_big_octagon, tgw_kikubaaqudgha, nicolae_stop_n_shop_1,
          serial_bayou_pond_b, serial_bayou_pond_a, nrook_uturn, uniq_harold

Skill      XL: |  1  2  3  4  5  6  7  8  9 |
---------------+----------------------------+-----
Axes           | 3 5 6 7 |  7.3
Maces & Flails | 3 6 |  6.4
Evocations     | 4 |  4.5
Fighting       | 5 7 |  7.7
Armour         | 6 8 |  8.4
Shields        | |  3.6

Action                     |  1- 3 |  4- 6 |  7- 9 | 10-12 || total
---------------------------+-------+-------+-------+-------++-------
  Melee: War axe           |    68 |    30 |       |       ||    98
         Whip              |       |    15 |    91 |     8 ||   114
  Evoke: Wand              |       |       |     8 |       ||     8
    Use: Scroll            |       |       |     6 |       ||     6
         Potion            |       |       |     2 |     1 ||     3
 Armour: Scale mail        |    34 |    25 |    25 |       ||    84
         Plate armour      |       |       |    16 |     6 ||    22
  Dodge: Dodged            |    26 |    15 |    40 |     1 ||    82
  Block: Buckler           |    17 |     4 |    16 |     4 ||    41

Table legend: (Time is in decaauts)
 A = Elapsed time spent in this place.
 B = Non-inter-level travel time spent in this place.
 C = Inter-level travel time spent in this place.
 D = Time resting spent in this place.
 E = Time spent auto-exploring this place.
 F = Levels seen in this place.
 G = Mean time per level.
                   A        B        C        D        E       F      G
               +--------+--------+--------+--------+--------+-----+--------+
         Total |   1080 |   1080 |      0 |      0 |      0 |   9 |  120.0 |
       Dungeon |   1080 |   1080 |      0 |      0 |      0 |   9 |  120.0 |
               +--------+--------+--------+--------+--------+-----+--------+

Top non-repeatable levels by time:
     D:5: 256 daAuts
     D:1: 155 daAuts
     D:9: 154 daAuts
     D:8: 116 daAuts
     D:2: 110 daAuts
     D:7: 106 daAuts
     D:6: 91 daAuts
     D:4: 45 daAuts
     D:3: 42 daAuts
